 Dungeon Crawl Stone Soup version 0.24.0-125-gc4c63601f3 (webtiles) character file.

Game seed: 16089151246817857006, levelgen mode: deterministic

342 Descartes the Magician (level 6, -6/32 HPs)
             Began as a Deep Elf Wizard on Mar 18, 2020.
             Was an Initiate of Cheibriados.
             Splashed by Ijyb's acid (10 damage)
             ... on level 5 of the Dungeon.
             The game lasted 00:12:24 (5222 turns).

Descartes the Magician (Deep Elf Wizard)            Turns: 5222, Time: 00:12:26

Health: -6/32      AC: -2    Str:  5    XL:     6   Next: 30%
Magic:  13/17      EV: 14    Int: 26    God:    Cheibriados [......]
Gold:   227        SH:  0    Dex: 14    Spells: 8/17 levels left

rFire    . . .     SeeInvis .   f - +0 dagger
rCold    . . .     Gourm    .   (no shield)
rNeg     . . .     Faith    .   a - +0 robe
rPois    .         Spirit   .   b - +0 hat
rElec    .         Reflect  .   (no cloak)
rCorr    .         Harm     .   (no gloves)
MR       .....                  (no boots)
Stlth    +++.......             (no amulet)
HPRegen  0.10/turn              (no ring)
MPRegen  0.15/turn              (no ring)

@: corroded, slow
A: no striking features
a: Bend Time, Renounce Religion


You were on level 5 of the Dungeon.
You worshipped Cheibriados.
Cheibriados was noncommittal.
You were not hungry.

You visited 2 branches of the dungeon, and saw 6 of its levels.

You collected 227 gold pieces.

Inventory:

Hand Weapons
 f - a +0 dagger (weapon)
 o - a +2 great sword of protection
Missiles
 i - 76 stones
 m - 8 poisoned darts (quivered)
 s - 12 arrows
Armour
 a - a +0 robe (worn)
 b - a +0 hat (worn)
 v - the +7 chain mail of Xom's Favour {*Slow rElec rC+, unknown}
   (You found it on level 5 of the Dungeon)

   It protects you from cold.
   It insulates you from electricity.
   It may slow you when you take damage.
Wands
 n - a wand of disintegration (5)
 w - a wand of acid (8)
Scrolls
 c - a scroll of immolation {unknown}
 e - a scroll of enchant weapon {unknown}
 g - 6 scrolls of identify {unknown}
 l - 3 scrolls of blinking {unknown}
 q - 2 scrolls of remove curse {unknown}
 t - a scroll of teleportation {unknown}
 u - a scroll of amnesia {unknown}
Potions
 h - a potion of mutation {unknown}
 j - a potion of curing {unknown}
 k - a potion of invisibility {unknown}
 p - 3 potions of lignification {unknown}
 r - a potion of magic {unknown}
Comestibles
 d - 9 rations


   Skills:
 + Level 3.8 Dodging
 + Level 4.1 Stealth
 - Level 6.0 Spellcasting
 * Level 4.0 Conjurations
   Level 1.1 Summonings
 - Level 1.1 Translocations
 * Level 2.3 Fire Magic


You had 8 spell levels left.
You knew the following spells:

 Your Spells              Type           Power        Failure   Level  Hunger
a - Magic Dart            Conj           ####         1%          1    None
b - Blink                 Tloc           N/A          7%          2    None
c - Conjure Flame         Conj/Fire      ###.....     6%          3    None
d - Mephitic Cloud        Conj/Pois/Air  ##......     12%         3    None

Your spell library contained the following spells:

 Spells                   Type           Power        Failure   Level  Hunger
 Call Imp                 Summ           ##......     7%          2    None
 Slow                     Hex            #.......     11%         2    None


Dungeon Overview and Level Annotations

Branches:
Dungeon (5/15)             Temple (1/1) D:5

Altars:
Ashenzari
Cheibriados
Dithmenos
Elyvilon
Fedhas
Gozag
Hepliaklqana
Kikubaaqudgha
Makhleb
Nemelex Xobeh
Okawaru
Qazlal
Ru
Sif Muna
Trog
Uskayaw
Vehumet
Wu Jian
Xom
Yredelemnul
Zin
The Shining One

Annotations:
D:5 Ijyb


Message History

Casting: Magic Dart (safe; 1% risk of failure)
Confirm with . or Enter, or press ? or * to list all spells.
Aiming: Magic Dart (safe; 1% risk of failure)
Press: ? - help, Shift-Dir - straight line, f/p - Ijyb
Aim: Ijyb, wearing a +0 leather armour and carrying a wand of acid (4) (moderately wounded)
The magic dart hits Ijyb but does no damage.
Ijyb is moderately wounded.
Ijyb screams, "Me kill you!"
Casting: Magic Dart (safe; 1% risk of failure)
Confirm with . or Enter, or press ? or * to list all spells.
Aiming: Magic Dart (safe; 1% risk of failure)
Press: ? - help, Shift-Dir - straight line, f/p - Ijyb
Aim: Ijyb, wearing a +0 leather armour and carrying a wand of acid (4) (moderately wounded)
The magic dart hits Ijyb.
Ijyb is heavily wounded.
Ijyb zaps a wand.
The bolt of acid hits you!!
Ouch! That really hurt!
* * * LOW HITPOINT WARNING * * *
The acid corrodes you!
You are splashed with acid!
You die...

##### ##..... #.#
#..... #.# ##....
#.# #.##. #g#
#.##. #.# #.###
#.# #.. #.# ##. #
#@# ..# #.# #..
#.# ##.. #.#
########..#
#.######......##..
#.................
#########.._..##..
#.........
#......###


You could see Ijyb.

Vanquished Creatures
  A scorpion (D:4)
  A water moccasin skeleton (D:4)
  A hound (D:4)
  A centaur skeleton (D:4)
  4 gnolls (D:2)
  5 adders
  3 oozes
  3 adder skeletons (D:4)
  2 dart slugs (D:3)
  A worm (D:3)
  4 orcs
  7 giant cockroaches
  10 goblins
  6 hobgoblins
  4 jackals (D:3)
  3 quokkas
  A ball python skeleton (D:4)
  6 bats
  8 frilled lizards
  6 kobolds
  A leopard gecko skeleton (D:4)
  3 rats
81 creatures vanquished.

Notes
Turn   | Place    | Note
-------+----------+-------------------------------------------
     0 | D:1      | Descartes the Deep Elf Wizard began the quest for the Orb.
     0 | D:1      | Reached XP level 1. HP: 10/10 MP: 7/7
   175 | D:1      | Reached XP level 2. HP: 15/15 MP: 3/9
   927 | D:2      | Reached skill level 5 in Spellcasting
   927 | D:2      | Reached XP level 3. HP: 8/19 MP: 2/11
  1710 | D:2      | Reached XP level 4. HP: 24/24 MP: 5/13
  2372 | D:2      | Found an iron altar of Okawaru.
  2646 | D:3      | Noticed an ogre
  2963 | D:3      | Reached XP level 5. HP: 28/28 MP: 10/15
  3043 | D:2      | Learned a level 2 spell: Blink
  3047 | D:2      | Learned a level 3 spell: Conjure Flame
  3051 | D:2      | Learned a level 3 spell: Mephitic Cloud
  3429 | D:3      | Found a sparkling altar of Nemelex Xobeh.
  3429 | D:3      | Found a glowing golden altar of the Shining One.
  3656 | D:4      | Reached skill level 6 in Spellcasting
  3656 | D:4      | Reached skill level 1 in Fire Magic
  4344 | D:4      | Reached XP level 6. HP: 32/32 MP: 13/17
  4585 | D:5      | Entered Level 5 of the Dungeon
  4939 | D:5      | Got a faintly humming chain mail
  4945 | D:5      | Found a staircase to the Ecumenical Temple.
  4952 | Temple   | Entered the Ecumenical Temple
  5142 | Temple   | Became a worshipper of Cheibriados the Contemplative
  5195 | D:5      | Found a sacrificial altar of Ru.
  5218 | D:5      | Noticed Ijyb
  5222 | D:5      | Splashed by Ijyb's acid

Levels and vault maps discovered:
D:1:      dpeg_arrival_more_subterranean_lakeside_camping, layout_basic
D:2:      layout_basic, okawaru_metal_pillars_1_2
D:3:      layout_rooms, gammafunk_temple_overflow_elements
D:4:      layout_loops_ring, first_ration
D:5:      layout_basic, minmay_temple_entry_arrows, basic_altar, uniq_menkaure,
          uniq_blork_the_orc, uniq_ijyb
Temple:   regret_index_temple_mists

Skill      XL: |  1  2  3  4  5  6 |
---------------+-------------------+-----
Conjurations   | 2 3 4 |  4.0
Spellcasting   | 5 6 |  6.0
Stealth        | 3 4 |  4.1
Dodging        | 3 |  3.8
Fire Magic     | 2 |  2.3
Summonings     | |  1.1
Translocations | |  1.1

Action                   |  1- 3 |  4- 6 || total
-------------------------+-------+-------++-------
 Cast: Magic Dart        |    74 |   161 ||   235
Evoke: Wand              |       |     1 ||     1
  Eat: Chunk             |     2 |     8 ||    10
       Ration            |       |     1 ||     1
Armor: Robe              |     2 |     4 ||     6
Dodge: Dodged            |     1 |    25 ||    26
